 Dungeon Crawl Stone Soup version 0.23.2-40-g277498a001 (webtiles) character file.

Game seed: 2582089398904987850

847 MisterOstroum the Fighter (level 8, 0/91 (93) HPs)
             Began as an Ogre Conjurer on Aug 23, 2019.
             Was an Initiate of Qazlal.
             Slain by an adder (3 damage)
             ... on level 6 of the Dungeon.
             The game lasted 00:12:24 (7755 turns).

MisterOstroum the Fighter (Ogre Conjurer)           Turns: 7755, Time: 00:12:25

HP:   0/91 (93)     AC:  3    Str: 15    XL:     8   Next: 0%
MP:   7/11          EV: 10    Int: 16    God:    Qazlal [......]
Gold: 300           SH:  0    Dex:  9    Spells: 8/11 levels left

rFire    . . .     SeeInvis .   u - +0 mace
rCold    . . .     Gourm    .   (no shield)
rNeg     . . .     Faith    .   a - +0 robe
rPois    .         Spirit   .   (helmet restricted)
rElec    .         Reflect  .   (no cloak)
rCorr    .         Harm     .   (gloves unavailable)
MR       .....                  (boots unavailable)
Stlth    +.........             (no amulet)
HPRegen  0.25/turn              (no ring)
MPRegen  0.12/turn              (no ring)

@: no status effects
A: large, unfitting armour, tough skin 1
a: Renounce Religion


You were on level 6 of the Dungeon.
You worshipped Qazlal.
Qazlal was noncommittal.
You were hungry.

You visited 1 branch of the dungeon, and saw 6 of its levels.

You collected 300 gold pieces.

Inventory:

Hand Weapons
 d - a +0 short sword
 u - a +0 mace (weapon)
 B - the +7 war axe of Hoim Yngi {chop, rF+ Dex+3, unknown}
   (You found it on level 4 of the Dungeon)

   It inflicts extra damage upon your enemies.
   It affects your dexterity (+3).
   It protects you from fire.
 E - a +1 falchion of distortion
 F - a +0 flail
Missiles
 f - 284 stones (quivered)
Armour
 a - a +0 robe (worn)
 k - a +0 shield
Jewellery
 i - an uncursed ring of fire {unknown}
 s - a +5 ring of intelligence {unknown}
 w - a +5 ring of protection {unknown}
 x - a +4 ring of dexterity {unknown}
 y - an uncursed amulet of the acrobat {unknown}
Wands
 t - a wand of random effects (12)
 z - a wand of paralysis (11)
 C - a wand of enslavement (12)
Scrolls
 c - a scroll of fear {unknown}
 l - 3 scrolls of enchant armour {unknown}
 m - 5 scrolls of remove curse {unknown}
 o - 5 scrolls of amnesia {unknown}
 p - a scroll of fog {unknown}
 q - 2 scrolls of random uselessness {unknown}
 r - 2 scrolls of noise {unknown}
 v - 2 scrolls of magic mapping {unknown}
 A - 2 scrolls of identify {unknown}
Potions
 b - 5 potions of curing {unknown}
 g - a potion of magic {unknown}
 h - 3 potions of agility {unknown}
 j - a potion of haste {unknown}
 n - a potion of mutation {unknown}
 D - 2 potions of degeneration {unknown}
Comestibles
 e - 8 rations


   Skills:
 - Level 10.1 Fighting
 + Level 2.9 Dodging
 - Level 1.4 Stealth
 - Level 2.4 Spellcasting
 - Level 3.6 Conjurations
 + Level 2.5 Invocations


You had 8 spell levels left.
You knew the following spells:

 Your Spells              Type           Power        Failure   Level  Hunger
a - Magic Dart            Conj           ##..         4%          1    #......
b - Searing Ray           Conj           ##....       7%          2    ###....

Your spell library contained the following spells:

 Spells                   Type           Power        Failure   Level  Hunger
 Beastly Appendage        Tmut           #.....       21%         1    #......
 Dazzling Spray           Conj/Hex       #.....       28%         3    ###....
 Sticks to Snakes         Tmut           #.......     30%         2    ###....
 Iskenderun's Mystic Bla  Conj           ##......     41%         4    #####..
 Spider Form              Tmut/Pois      #.........   52%         3    ###....
 Force Lance              Conj/Tloc      #.......     67%         4    #####..
 Fulminant Prism          Conj/Hex       #.........   67%         4    #####..
 Ice Form                 Ice/Tmut       #.......     89%         4    #####..
 Blade Hands              Tmut           #.........   99%         5    ######.


Dungeon Overview and Level Annotations

Branches:
Dungeon (6/15)
 Temple: D:4-7

Altars:
Ashenzari
Kikubaaqudgha
Qazlal
Sif Muna
Uskayaw
Xom
Yredelemnul
The Shining One


Innate Abilities, Weirdness & Mutations

You are too large for most types of armour.
You have tough skin. (AC +1)


Message History

Aim: a bullfrog skeleton The searing ray hits the bullfrog skeleton.
The bullfrog skeleton is lightly damaged. (Press . to maintain the ray.)
You are feeling hungry.
The bullfrog skeleton closely misses you. x2
The searing ray hits the bullfrog skeleton.
The bullfrog skeleton is moderately damaged.
The orc wizard casts a spell at you.
You feel yourself slow down.
The bullfrog skeleton barely misses you.
The orc wizard barely misses you. The bullfrog skeleton hits you. x2
You climb upwards.
There is a stone staircase leading down here.
No target in view!
You start resting.
HP restored.
Magic restored.
You start waiting.
You feel yourself speed up.
There is a stone staircase leading down here.
You climb downwards.
Found a scroll labeled XALEHOACWU.
There is a stone staircase leading up here.
Found a shattered altar of Ashenzari.
Found a flail.
A leopard gecko comes into view.
There is a shattered altar of Ashenzari here.
A leopard gecko is nearby!
A leopard gecko is nearby!
You see here a flail.
F - a flail Throwing (i - inventory)
f - 288 stones (quivered)
Press: ? - help, Shift-Dir - straight line, f - leopard gecko
Aim: a leopard gecko (clinging)
You throw a stone.
The stone closely misses the leopard gecko.
Throwing (i - inventory)
f - 287 stones (quivered)
Press: ? - help, Shift-Dir - straight line, f/p - leopard gecko
Aim: a leopard gecko (clinging)
You throw a stone. The stone misses the leopard gecko.
The leopard gecko bites you but does no damage.
You closely miss the leopard gecko. The leopard gecko misses you.
An orc warrior comes into view. It is wielding a +0 flail.
The orc warrior shouts!
You thump the leopard gecko!
You kill the leopard gecko!
Qazlal accepts your kill.
Throwing (i - inventory)
f - 286 stones (quivered)
Press: ? - help, Shift-Dir - straight line, f - orc warrior
Aim: an orc warrior, wielding a +0 flail and wearing a +0 plate armour You throw a stone.
The stone closely misses the orc warrior.
Throwing (i - inventory)
f - 285 stones (quivered)
Press: ? - help, Shift-Dir - straight line, f/p - orc warrior
Aim: an orc warrior, wielding a +0 flail and wearing a +0 plate armour You throw a stone.
The stone hits the orc warrior but does no damage.
You barely miss the orc warrior.
The orc warrior hits you with a +0 flail!!
You hit the orc warrior but do no damage.
The orc warrior hits you with a +0 flail!!
You barely miss the orc warrior.
The orc warrior hits you with a +0 flail!
Casting: Searing Ray (safe; 7% risk of failure)
Confirm with . or Enter, or press ? or * to list all spells.
You don't know that spell.
Casting: Searing Ray (safe; 7% risk of failure)
Confirm with . or Enter, or press ? or * to list all spells.
Aiming: Searing Ray (safe; 7% risk of failure)
Press: ? - help, Shift-Dir - straight line, f/p - orc warrior
Aim: an orc warrior, wielding a +0 flail and wearing a +0 plate armour The searing ray hits the orc warrior.
The orc warrior is lightly wounded. (Press . to maintain the ray.)
The orc warrior hits you with a +0 flail!
The searing ray hits the orc warrior.
The orc warrior is lightly wounded.
The orc warrior closely misses you.
The searing ray misses the orc warrior.
The orc warrior hits you with a +0 flail!!
* * * LOW HITPOINT WARNING * * *
The searing ray hits the orc warrior.
The orc warrior is moderately wounded.
You finish channeling your searing ray.
The orc warrior hits you with a +0 flail!
* * * LOW HITPOINT WARNING * * *
You see here a leopard gecko corpse.
Things that are here:
a stone; a scroll labeled XALEHOACWU An adder comes into view.
The adder hisses angrily.
Found a runed dagger.
You see here a stone.
The adder bites you.
* * * LOW HITPOINT WARNING * * *
Found a ration.
You see here a runed dagger.
The adder bites you.
You die...

#... # # #%.. .#. #...
#.## ### #... ... ...#
#... #.# .##.#
####...##.####.##.#
........S@.....##.#
####..)#..?.####.#
#...####.####.####.#
####..o.##....(.<.....#
........#(o..(##.######
####....(........#
######.._..#### #.$...#
#.....#


You could see an adder.

Vanquished Creatures
  Menkaure (D:5)
  An ice beast (D:5)
  A necrophage (D:5)
  2 bullfrogs
  A howler monkey (D:5)
  A crimson imp (D:3)
  A hound (D:4)
  Natasha (thrice) (D:3)
  A worker ant (D:5)
  A killer bee zombie (D:5)
  7 adders
  A shadow imp (D:4)
  An adder zombie (D:2)
  2 worms (D:2)
  3 dart slugs
  9 leopard geckos
  4 orcs
  2 ball pythons
  9 bats
  3 giant cockroaches
  4 goblins
  6 hobgoblins
  17 jackals
  8 kobolds
  A ball python skeleton (D:4)
  6 frilled lizards
  7 rats
103 creatures vanquished.

Notes
Turn   | Place    | Note
-------+----------+-------------------------------------------
     0 | D:1      | MisterOstroum the Ogre Conjurer began the quest for the
                  | Orb.
     0 | D:1      | Reached XP level 1. HP: 16/16 MP: 3/3
    33 | D:1      | Reached skill level 1 in Fighting
   241 | D:1      | Reached skill level 2 in Fighting
   241 | D:1      | Reached XP level 2. HP: 28/28 MP: 0/5
   511 | D:1      | Found a shattered altar of Ashenzari.
   621 | D:1      | Reached skill level 3 in Fighting
   888 | D:1      | Reached XP level 3. HP: 37/37 MP: 0/6
  1070 | D:1      | Learned a level 2 spell: Searing Ray
  1106 | D:1      | Reached skill level 4 in Fighting
  1950 | D:2      | Reached XP level 4. HP: 44/49 MP: 1/7
  2178 | D:2      | Reached skill level 5 in Fighting
  2975 | D:3      | Noticed a +0 dagger
  2976 | D:3      | Noticed a +0 dagger
  2977 | D:3      | Found a hide-covered altar of Uskayaw.
  3239 | D:3      | Noticed Natasha
  3242 | D:3      | Killed Natasha
  3242 | D:3      | Reached skill level 6 in Fighting
  3242 | D:3      | Reached XP level 5. HP: 55/59 MP: 4/8
  3323 | D:3      | Noticed Natasha
  3330 | D:3      | Killed Natasha
  3360 | D:3      | Noticed Natasha
  3379 | D:3      | Killed Natasha
  3461 | D:3      | Reached skill level 7 in Fighting
  3995 | D:4      | Reached XP level 6. HP: 38/71 MP: 0/9
  4666 | D:3      | Found an ancient bone altar of Kikubaaqudgha.
  4670 | D:3      | Found a shimmering altar of Xom.
  4673 | D:3      | Found a basalt altar of Yredelemnul.
  5253 | D:4      | Found a stormy altar of Qazlal.
  5643 | D:4      | Got a translucent war axe
  5679 | D:4      | Became a worshipper of Qazlal Stormbringer
  5691 | D:5      | Entered Level 5 of the Dungeon
  5760 | D:5      | Reached skill level 8 in Fighting
  6003 | D:5      | Noticed Menkaure
  6005 | D:5      | Noticed a necrophage
  6010 | D:5      | Killed Menkaure
  6010 | D:5      | Reached skill level 9 in Fighting
  6010 | D:5      | Reached XP level 7. HP: 44/83 MP: 1/10
  6605 | D:5      | Found a deep blue altar of Sif Muna.
  6891 | D:5      | Found a glowing golden altar of the Shining One.
  6978 | D:6      | Reached skill level 10 in Fighting
  7242 | D:5      | Reached skill level 1 in Invocations
  7409 | D:5      | Reached XP level 8. HP: 24/91 MP: 0/11
  7724 | D:6      | Found a shattered altar of Ashenzari.
  7746 | D:6      | HP: 2/91 [orc warrior/+0 flail (8)]
  7752 | D:6      | HP: 2/91 [adder (1)]
  7755 | D:6      | Slain by an adder

Skill      XL: |  1  2  3  4  5  6  7 |
---------------+----------------------+-----
Fighting       | 2 3 4 6 7 9 10 | 10.1
Dodging        | 2 |  2.9
Invocations    | 2 |  2.5
Stealth        | |  1.4
Spellcasting   | |  2.4
Conjurations   | |  3.6

Action                   |  1- 3 |  4- 6 |  7- 9 || total
-------------------------+-------+-------+-------++-------
Melee: Unarmed           |    17 |       |       ||    17
       Short sword       |    40 |   117 |       ||   157
       Mace              |       |    24 |    60 ||    84
Throw: Stone             |     5 |    43 |     7 ||    55
 Cast: Magic Dart        |    66 |   140 |    32 ||   238
       Searing Ray       |       |     7 |     6 ||    13
Evoke: Wand              |       |     6 |       ||     6
  Eat: Chunk             |     4 |    15 |     2 ||    21
       Ration            |       |       |     1 ||     1
Armor: Robe              |    15 |    45 |    36 ||    96
Dodge: Dodged            |    36 |    67 |    90 ||   193
